Mecha, neutral female human Wizard ------- ##############......| ------# |.....| -...|# |.....| |...|# |.....| | ---- ----- ---- --+-----...|## ##-..<..| |.............................[..# |.....| | - -----+--.. -- ----|--a..|# ---.--- | ...|@..| |.%.|...| |%%!|...| |%%%|...| ----|...| |.... ...| |...| -...| ...| ----- Mecha the Thaumaturge Experience level: 6 Strength: 10 Dexterity: 12 Constitution: 15 Intelligence: 18 Wisdom: 16 Charisma: 11 Health: 0(47) Energy: 54(62) Def: 6 Gold: 762 Moves: 4803 Dungeon seed: rCSE0igC93zeqTwd Game ID: Mecha_1478439049 Your Inventory: Coins $ - 762 gold pieces Weapons m - a blessed poisoned +0 dart v - 11 +0 crossbow bolts A - 9 +0 daggers (in quiver) H - a blessed +2 dagger (weapon in hand) I - 3 +0 orcish daggers J - 25 +0 arrows M - a cursed -1 elven dagger N - 8 cursed -2 arrows R - 8 blessed +0 crossbow bolts V - 4 blessed +1 daggers Z - a +0 bow Armor e - an uncursed +0 cloak of magic resistance (being worn) q - an uncursed +0 leather armor (being worn) r - an uncursed +0 pair of iron shoes (being worn) x - an uncursed +0 pair of kicking boots y - an uncursed +0 orcish helm (being worn) Comestibles F - an uncursed slime mold G - an uncursed killer bee corpse U - an uncursed food ration Scrolls i - an uncursed scroll of magic mapping j - an uncursed scroll of taming n - an uncursed scroll of fire o - 3 uncursed scrolls of teleportation p - an uncursed scroll of remove curse u - a blessed scroll of fire B - a blessed scroll of enchant armor E - an uncursed scroll of destroy armor T - an uncursed scroll of remove curse Potions a - an uncursed potion of speed g - an uncursed potion of see invisible h - an uncursed potion of object detection W - an uncursed potion of confusion Rings c - an uncursed ring of cold resistance (on left hand) d - an uncursed ring of poison resistance (on right hand) t - an uncursed +1 ring of adornment Wands b - a wand of secret door detection (0:11) k - a wand of sleep (0:3) Tools l - an uncursed magic whistle w - an uncursed skeleton key C - 5 uncursed tallow candles (0:200) L - a +0 pick-axe Q - 6 uncursed wax candles (0:400) Gems s - 2 uncursed worthless pieces of violet glass z - 2 uncursed worthless pieces of yellowish brown glass D - an uncursed worthless piece of black glass O - an uncursed worthless piece of yellow glass X - an uncursed dilithium crystal Y - 2 uncursed worthless pieces of orange glass Spells and supernatural/magical abilities: Name Level Category Fail Memory a - force bolt 1 attack 4% 90% h - healing 1 healing 4% 90% W - pray for help -- divine ? -- Your skills at the end: Fighting Skills Weapon Skills dagger [Skilled] quarterstaff [Basic] Spellcasting Skills attack spells [Basic] enchantment spells [Basic] Final Attributes: You were piously aligned. You were cold resistant. You were poison resistant. You were magic-protected. You were telepathic. You are dead. Vanquished creatures: 3 leprechauns a gnome king a dwarf lord a dust vortex an orc shaman a yellow light 4 gnome lords a gnomish wizard an elf zombie a ghoul a little dog 2 floating eyes 6 dwarves a monkey 5 iguanas 3 killer bees an acid blob a coyote 2 gas spores 4 hobbits a large kobold 6 cave spiders 2 brown molds 2 yellow molds 2 red molds 25 gnomes 2 gnome zombies 2 geckos 13 jackals a fox 6 goblins 4 grid bugs 3 lichens 5 newts 115 creatures vanquished. Voluntary challenges: You used a wielded weapon 126 times, starting on turn 28. You read items or engraved 5 times, starting on turn 1877. You never genocided any monsters. You never polymorphed an object. You never changed form. You used no wishes. You never split a pudding. You never wrote Elbereth's name. You never violated your personal moral code. Dungeon overview: The Dungeons of Doom: levels 1 to 5 Level 1 a long staircase Level 2 Level 3 stairs to The Gnomish Mines Level 4 (temp. stash) Level 5 a fountain The Gnomish Mines: levels 4 to 7 Level 4 stairs to The Dungeons of Doom Level 5 Level 6 Level 7 <- You were here a delicatessen History has recorded: On T:1 you entered the Dungeons of Doom to retrieve the Amulet of Yendor! On T:457 you reached level 2 of The Dungeons of Doom. On T:554 you advanced to experience level 2. On T:1095 you reached level 3 of The Dungeons of Doom. On T:1588 you advanced to experience level 3. On T:1701 you reached level 4 of The Dungeons of Doom. On T:2072 you reached level 5 of The Dungeons of Doom. On T:2603 you advanced to experience level 4. On T:2922 you reached level 1 of The Gnomish Mines. On T:2929 you advanced to experience level 5. On T:3820 you reached level 2 of The Gnomish Mines. On T:3862 you advanced to experience level 6. On T:4066 you reached level 3 of The Gnomish Mines. On T:4710 you reached level 4 of The Gnomish Mines. Score breakdown: Gold: 762 ( 9805 points) Experience: 6 levels (12456 points) Exploration: 7 levels ( 14.89%) (10834 points) Discoveries: 5 items ( 1.74%) ( 3959 points) Valuables value: (no points given unless you survive) Artifact value: 0 ( 0 points) Variety of kills: 34 monsters ( 8.92%) ( 8961 points) Turncount: 4803 turns (-1295 points) Survival: died (score multiplied by 80%) Total score: 35776 Latest messages: You kill the killer bee! You see here a killer bee corpse. You have a little trouble lifting G - a killer bee corpse. You have a little trouble lifting A - a dagger (in quiver). You hear some noises. The large cat misses the large mimic. The large cat bites the large mimic. The large mimic hits the large cat. The priestess of Thoth casts a spell! The priestess of Thoth looks better. The large cat misses the large mimic. The large mimic misses the large cat. You hear some noises in the distance. You hear some noises. The soldier ant bites! The soldier ant stings! The soldier ant bites! The soldier ant stings! The spell misses the soldier ant. The soldier ant bites! The soldier ant stings! The soldier ant misses. The soldier ant stings! You die... Final status: Goodbye Mecha the Wizard, killed by a soldier ant... You died in The Gnomish Mines on dungeon level 7 with 35776 points, and 762 pieces of gold, after 4803 moves. You were level 6 with a maximum of 47 hit points when you died.